Map: Ulrena

Players

Botvinnik

  • Race: Terran Terran
  • League: Master

Pterod - Winner!

  • Race: Zerg Zerg

Event: Gauntlet LotV Series 1 Qualifier 2

VOD

Have the link to the VOD?

Description

Time

  • Played on: Dec. 5, 2015, 1:22 p.m.
  • Length: 2:59

All games in this series

Show
View Real Time Build Order
Export as new Build Order

Botvinnik Terran 

Build Orders: Reaper Expand 

Get SALT Encoding   

  12  0:00  SCV  
  13  0:12  SCV  
  14  0:17  Supply Depot  
  14  0:25  SCV  
  15  0:39  SCV  
  15  0:41  Barracks  
  16  0:45  Refinery  
  16  0:56  SCV  
  17  1:08  SCV  
  18  1:20  SCV  
  19  1:29  Reaper  
  19  1:32  Orbital Command  
  20  1:44  Command Center  
  20  1:54  Supply Depot  
  20  1:58  SCV  
  20  2:00  Marine  
  21  2:22  Barracks Reactor  
  20  2:26  Factory  
  18  2:31  Marine  
Show
View Real Time Build Order
Export as new Build Order

Pterod Zerg - Winner!

Build Orders: Pool Only 

Get SALT Encoding   

  12  0:04  Extractor  
  11  0:24  Spawning Pool  
  10  0:29  Drone  
  11  0:38  Drone  
  12  0:51  Drone  
  12  1:01  Overlord  
  12  1:13  Metabolic Boost  
  12  1:18  Zergling x2  
  13  1:22  Zergling x2  
  14  1:27  Zergling x2  
  14  1:31  Zergling x2  
  16  1:40  Zergling x2  
  17  1:50  Zergling x2  
  18  2:01  Zergling x2  
  18  2:24  Zergling x4  
  18  2:34  Zergling x2  
Tags
 
Add a new tag
Caveats
  • Supply blocks, unpowered buildings, or Contaminate may cause inaccurate times.
  • Supply counts are checked every 10 seconds.